 Dungeon Crawl Stone Soup version 0.27-a0-898-g810843a28d (webtiles) character file.

Game seed: 12507260623079950514

13 Alarkh the Insei (level 2, 22/22 HPs)
             Began as a Demonspawn Gladiator on Apr 5, 2021.
             Got out of the dungeon alive.
             The game lasted 00:00:45 (778 turns).

Alarkh the Insei (Demonspawn Gladiator)              Turns: 778, Time: 00:00:46

Health: 22/22      AC:  4    Str: 14    XL:     2   Next: 24%
Magic:  2/2        EV: 12    Int:  9    God:
Gold:   21         SH:  0    Dex: 14    Spells: 1/1 levels left

rFire    . . .     SeeInvis .     - Unarmed
rCold    . . .     Faith    .   (no shield)
rNeg     . . .     Spirit   .   a - +0 leather armour
rPois    .         Reflect  .   b - +0 helmet
rElec    .         Harm     .   (no cloak)
rCorr    .         Rampage  .   (no gloves)
Will     .....                  (no boots)
Stlth    +.........             (no amulet)
HPRegen  0.07/turn              (no ring)
MPRegen  0.08/turn              (no ring)

@: no status effects
A: demonic guardian 1
a: no special abilities


You escaped.
You visited 1 branch of the dungeon, and saw 1 of its levels.

You collected 21 gold pieces.

Inventory:

Missiles
 c - 3 throwing nets (quivered)
Armour
 a - a +0 leather armour (worn)
 b - a +0 helmet (worn)
Scrolls
 d - a scroll of vulnerability {unknown}
 e - a scroll of fog {unknown}


   Skills:
 - Level 2.0 Fighting
 - Level 1.7 Throwing
 - Level 2.6 Dodging
 + Level 3.4 Unarmed Combat


You had one spell level left.
You didn't know any spells.
Your spell library was empty.

Dungeon Overview and Level Annotations

Branches:
Dungeon (1/15)

Altars:


Innate Abilities, Weirdness & Mutations

A weak demonic guardian rushes to your aid.


Message History

The bat hits you but does no damage.
You see here a ball python corpse.
You miss the bat. The bat closely misses you.
You enter the shallow water.
Moving in this stuff is going to be slow.
The bat hits you but does no damage. The bat hits you.
A demonic guardian appears!
You see here a ball python corpse.
The bat hits you but does no damage.
You swap places.
The bat misses you. The bat hits you but does no damage.
You closely miss the bat. The bat closely misses you.
The bat closely misses you. The bat hits you but does no damage.
You see here a quokka corpse.
The bat hits you but does no damage. The bat barely misses you.
The bat hits you but does no damage.
The bat hits your shadow imp but does no damage.
The bat hits you but does no damage. x2
You hit the bat.
The bat is severely wounded.
The bat closely misses you.
A jackal comes into view.
Your shadow imp gestures at the bat.
The bat writhes in agony!
The bat dies!
Unknown command.
Your shadow imp barely misses the jackal.
You hit the jackal but do no damage.
The jackal splashes around in the water.
Your shadow imp gestures at the jackal.
The jackal writhes in agony.
You hit the jackal.
You kill the jackal!
No reachable target in view!
Your shadow imp disappears in a puff of smoke!
Things that are here:
a +0 club; a goblin skeleton
There is a staircase leading out of the dungeon here.
Are you sure you want to leave the Dungeon?
This will make you lose the game!
You have escaped!

#.#.#.......#...### #.#
####+#...............##
###.#
≈≈≈≈####.....#.....#..#
#...# ...≈#
#..>..##...##..####.###
...≈#
##....###.###....##.#
...≈#
#..###.##.##.###.##.# ###
##..###.#.#.###..##.#
#.###....###...###....#.#
#............@..........#
####.....###...###.[.####
#....###.#.#.###..#
#...###.##.##.###.#
#......###.###....#
#..##..##...##..###
#..##..#.....#..#
#..............##
##.##.#..##..#.#


There were no monsters in sight!

Vanquished Creatures
  A goblin (D:1)
  A hobgoblin (D:1)
  3 jackals (D:1)
  A quokka (D:1)
  A ball python (D:1)
  2 bats (D:1)
  A frilled lizard (D:1)
  A kobold (D:1)
11 creatures vanquished.

Vanquished Creatures (collateral kills)
  A bat (D:1)
1 creature vanquished.

Vanquished Creatures (others)
  4 plants (D:1)
4 creatures vanquished.

Grand Total: 16 creatures vanquished

Notes
Turn   | Place    | Note
-------+----------+-------------------------------------------
     0 | D:1      | Alarkh the Demonspawn Gladiator began the quest for the
                  | Orb.
     0 | D:1      | Reached XP level 1. HP: 16/16 MP: 1/1
   123 | D:1      | Reached skill level 3 in Unarmed Combat
   689 | D:1      | Gained mutation: A weak demonic guardian rushes to your
                  | aid. [demonic ancestry]
   689 | D:1      | Reached XP level 2. HP: 18/22 MP: 2/2
   778 | D:$      | Got out of the dungeon alive.

Illustrated notes

Levels and vault maps discovered:
D:1:      roderic_crossed_star, layout_loops_ring, chequers_big_river,
          chequers_serial_rivers_room_a

Skill      XL: |  1 |
---------------+----+-----
Unarmed Combat | 3 |  3.4
Fighting       | |  2.0
Throwing       | |  1.7
Dodging        | |  2.6

Action                   || total
-------------------------++-------
Melee: Unarmed           ||    75
Armor: Leather armour    ||    38
Dodge: Dodged            ||    76

Table legend: (Time is in decaauts)
 A = Elapsed time spent in this place.
 B = Non-inter-level travel time spent in this place.
 C = Inter-level travel time spent in this place.
 D = Time resting spent in this place.
 E = Time spent auto-exploring this place.
 F = Levels seen in this place.
 G = Mean time per level.
                   A        B        C        D        E       F      G
               +--------+--------+--------+--------+--------+-----+--------+
         Total |    777 |    758 |     19 |    425 |    176 |   1 |  777.0 |
       Dungeon |    777 |    758 |     19 |    425 |    176 |   1 |  777.0 |
               +--------+--------+--------+--------+--------+-----+--------+

Top non-repeatable levels by time:
     D:1: 777 daAuts
